 Dungeon Crawl Stone Soup version 0.20-a0-1089-g3fde505 (webtiles) character file.

117 Monsterracer the Digger (level 5, -3/28 HPs)
             Began as a Gargoyle Earth Elementalist on May 2, 2017.
             Slain by Crazy Yiuf
             ... wielding a +3 quarterstaff of chaos
              (5 damage)
             ... on level 2 of the Dungeon.
             The game lasted 00:05:15 (2228 turns).

Monsterracer the Digger (GrEE)                      Turns: 2228, Time: 00:05:17

Health: -3/28      AC:  7    Str: 11    XL:     5   Next: 1%
Magic:  0/9        EV: 12    Int: 17    God:
Gold:   98         SH:  0    Dex: 10    Spells: 3/9 levels left

rFire    . . .     SeeInvis .   q - +0 mace
rCold    . . .     Gourm    .   (no shield)
rNeg     + . .     Faith    .   j - +0 leather armour
rPois    ∞         Spirit   .   s - +0 hat
rElec    +         Reflect  .   (no cloak)
rCorr    .         Harm     .   (no gloves)
MR       .....                  (no boots)
Stlth    ++........             (no amulet)
Regen    0.1/turn               (no ring)
MPRegen  0.2/turn               (no ring)

@: very slightly contaminated
A: thin skeletal structure 1, clumsy 1, negative energy resistance 1,
electricity resistance, unbreathing, petrification resistance, rot immunity,
MP-powered wands, sturdy frame 1, AC +4
a: no special abilities


You were on level 2 of the Dungeon.
You were hungry.

You visited 1 branch of the dungeon, and saw 2 of its levels.

You collected 98 gold pieces.

Inventory:

Hand Weapons
 q - a +0 mace (weapon)
Missiles
 b - 74 stones (quivered)
Armour
 c - a +0 robe
 j - a +0 leather armour (worn)
 s - a +0 hat (worn)
Jewellery
 h - an uncursed ring of protection from cold {unknown}
 r - an uncursed ring of poison resistance {unknown}
Scrolls
 f - a scroll of blinking {unknown}
 i - a scroll of recharging {unknown}
 k - a scroll of teleportation {unknown}
 l - 2 scrolls of fog {unknown}
 o - 3 scrolls of identify {unknown}
 p - 2 scrolls of magic mapping {unknown}
Potions
 a - a potion of invisibility
 m - a potion of agility
 n - a potion of mutation
Books
 e - a book of Geomancy

   Spells                             Type                      Level
   a - Sandblast                      Earth                        1
   b - Passwall                       Transmutation/Earth          2
   c - Stone Arrow                    Conjuration/Earth            3
   d - Petrify                        Transmutation/Earth          4
   e - Lee's Rapid Deconstruction     Earth                        5
Comestibles
 d - 2 bread rations
 g - a royal jelly
 t - a chunk of flesh


   Skills:
 + Level 1.4 Maces & Flails
 - Level 1.5 Dodging
 - Level 2.1 Stealth
 + Level 2.6 Spellcasting
 + Level 1.2 Conjurations
 - Level 0.7 Transmutations
 * Level 5.5 Earth Magic


You had 3 spell levels left.
You knew the following spells:

 Your Spells              Type           Power        Failure   Level  Hunger
a - Sandblast             Erth           ###...       1%          1    #......
b - Passwall              Tmut/Erth      ##........   9%          2    ##.....
c - Stone Arrow           Conj/Erth      ##....       14%         3    ###....


Dungeon Overview and Level Annotations

Branches:
Dungeon (2/15)

Altars:
Dithmenos

Annotations:
D:2 Crazy Yiuf


Innate Abilities, Weirdness & Mutations

You are resistant to torment.
Your stone body is resilient. (AC +4)
You are immune to poison.
You resist negative energy. (rN+)
You are resistant to electric shocks. (rElec)
You can survive without breathing.
You are immune to petrification.
You are immune to rotting.
You have a somewhat thin skeletal structure. (Dex +2, Stealth)
You are clumsy. (Dex -2)
You expend magic power (3 MP) to strengthen your wands.
Your movements are slightly less encumbered by armour. (ER -2)


Message History

You hit Crazy Yiuf.
Crazy Yiuf is almost dead.
Crazy Yiuf closely misses you.
You closely miss Crazy Yiuf.
Crazy Yiuf is almost dead.
Crazy Yiuf twirls on the spot.
Crazy Yiuf hits you with a quarterstaff of chaos.
* * * LOW HITPOINT WARNING * * *
Crazy Yiuf burns you.
* * * LOW HITPOINT WARNING * * *
Crazy Yiuf misses you.
Casting: Stone Arrow
Confirm with . or Enter, or press ? or * to list all spells.
Aiming: Sandblast
Press: ? - help, Shift-Dir - straight line, f/p - Crazy Yiuf
Aim: Crazy Yiuf, wielding a quarterstaff of chaos and wearing a runed cloak (almost dead)
The blast of sand misses Crazy Yiuf.
b - 74 stones Crazy Yiuf hits you with a quarterstaff of chaos.
You die...

≈..)...#.....).# #.# #.######
...###...####..# #.# #.# .###
##.## #..# #.# #.# .######.# ####
#####.###### ........# #.........
.#########♣♣♣♣♣ #.....#.## .#
##....♣.♣♣♣ ### #......... .#
##......♣..♣#...# ###....... .#
#......♣♣♣♣@g...# #####>#.##
.#####.....♣♣ ♣♣#..)# #.# #...#
.(.....###♣♣ ### #.# #..##
#####.## #.# #..# # #.#
#.###..### ##
#.##################.........
.####.#.##...##.##............###
....#.##.#.#.#.####.###...###.#
.##.#.###<.#..#####.# #...# #.#


You could see Crazy Yiuf.

Vanquished Creatures
  6 adders
  2 oozes (D:2)
  A worm (D:2)
  2 dart slugs (D:2)
  5 leopard geckos
  6 bats
  A giant cockroach (D:1)
  6 goblins
  8 hobgoblins
  2 kobolds (D:1)
  3 frilled lizards (D:1)
  3 rats (D:1)
45 creatures vanquished.

Notes
Turn   | Place    | Note
-------+----------+-------------------------------------------
     0 | D:1      | Monsterracer the Gargoyle Earth Elementalist began the quest for the Orb.
     0 | D:1      | Reached XP level 1. HP: 10/10 MP: 3/3
   207 | D:1      | Reached skill level 4 in Earth Magic
   217 | D:1      | Reached XP level 2. HP: 11/15 MP: 5/5
   295 | D:1      | Learned a level 2 spell: Passwall
   534 | D:1      | Gained mutation: You have a somewhat thin skeletal structure. (Dex +2, Stealth) [potion of mutation]
   534 | D:1      | Gained mutation: You expend magic power (3 MP) to strengthen your wands. [potion of mutation]
   534 | D:1      | Gained mutation: You are clumsy. (Dex -2) [potion of mutation]
   534 | D:1      | Gained mutation: Your movements are slightly less encumbered by armour. (ER -2) [potion of mutation]
   963 | D:1      | Reached XP level 3. HP: 16/19 MP: 4/6
  1004 | D:1      | Learned a level 3 spell: Stone Arrow
  1676 | D:2      | Reached skill level 1 in Maces & Flails
  1676 | D:2      | Reached skill level 5 in Earth Magic
  1676 | D:2      | Reached XP level 4. HP: 24/24 MP: 3/7
  1782 | D:2      | Found a shadowy altar of Dithmenos.
  1942 | D:2      | Reached skill level 1 in Conjurations
  2156 | D:2      | Reached XP level 5. HP: 27/28 MP: 7/9
  2215 | D:2      | Found a runed door.
  2219 | D:2      | Noticed Crazy Yiuf
  2227 | D:2      | HP: 1/28 [Crazy Yiuf/quarterstaff of chaos (3)]
  2228 | D:2      | Slain by Crazy Yiuf

Vault maps used:
D:1:      minmay_arrival_stair_chambers, dk_noncrumbling_3, minmay_pentomino_w2
D:2:      nicolae_dithmenos_shadow_blocks, kennysheep_decorative_pillar,
          st_stairs_5, corexii_leaking_fountain, uniq_crazy_yiuf_cottage

Skill      XL: |  1  2  3  4 |
---------------+-------------+-----
Earth Magic    | 4 5 |  5.5
Maces & Flails | 1 |  1.4
Conjurations   | 1 |  1.2
Dodging        | |  1.5
Stealth        | |  2.1
Spellcasting   | |  2.6
Transmutations | |  0.7

Action                   |  1- 3 |  4- 6 || total
-------------------------+-------+-------++-------
Melee: Dagger            |    31 |       ||    31
       Club              |    65 |       ||    65
       Mace              |       |    42 ||    42
 Cast: Sandblast         |    13 |     5 ||    18
       Stone Arrow       |     3 |     4 ||     7
  Use: Potion            |     5 |       ||     5
 Stab: Sleeping          |     5 |     2 ||     7
       Distracted        |       |     1 ||     1
  Eat: Chunk             |     2 |     3 ||     5
Armor: Robe              |    11 |       ||    11
       Leather armour    |    26 |    14 ||    40
Dodge: Dodged            |    82 |    22 ||   104
